 Dungeon Crawl Stone Soup version 0.29-a0-362-g5854e031c7 (webtiles) character file.

Game seed: 3853222609104218287

63 ytrimaz the Skirmisher (level 3, -1/30 HPs)
             Began as a Demonspawn Berserker on Apr 29, 2022.
             Was a Believer of Trog.
             Killed from afar by Terence (7 damage)
             ... with a puff of flame
             ... on level 3 of the Dungeon.
             The game lasted 00:02:02 (1986 turns).

ytrimaz the Skirmisher (Demonspawn Berserker)       Turns: 1986, Time: 00:02:02

Health: -1/30      AC:  6    Str: 19    XL:     3   Next: 87%
Magic:  3/3        EV: 11    Int:  8    God:    Trog [**....]
Gold:   79         SH:  0    Dex: 12    Spells: 2/2 levels left

rFire   . . .      SeeInvis .   a - +0 hand axe
rCold   . . .      Faith    .   (no shield)
rNeg    . . .      Spirit   .   l - +0 ring mail
rPois   .          Reflect  .   (helmet restricted)
rElec   .          Harm     .   (no cloak)
rCorr   .          Rampage  .   (no gloves)
Will    .....                   f - +0 pair of boots
Stlth   +.........              o - amulet of regeneration
HPRegen 0.90/turn               (no ring)
MPRegen 0.08/turn               (no ring)

@: no status effects
A: horns 1, condensation shield
a: Renounce Religion, Berserk, Trog's Hand


You were on level 3 of the Dungeon.
You worshipped Trog.
Trog was pleased with you.
You visited 1 branch of the dungeon, and saw 3 of its levels.

You collected 79 gold pieces.

Inventory:

Hand Weapons
 a - a +0 hand axe (weapon)
Armour
 f - a +0 pair of boots (worn)
 l - a +0 ring mail (worn)
Jewellery
 o - an amulet of regeneration (around neck)
Scrolls
 b - a scroll of immolation {unknown}
 c - 3 scrolls of identify {unknown}
 d - 2 scrolls of fear {unknown}
 g - a scroll of enchant armour {unknown}
 i - a scroll of brand weapon {unknown}
 j - a scroll of teleportation {unknown}
 n - a scroll of noise {unknown}
Potions
 e - 2 potions of mutation {unknown}
 h - a potion of lignification {unknown}
 k - 2 potions of heal wounds {unknown}
 m - a potion of might {unknown}


   Skills:
 + Level 3.7 Fighting
 + Level 3.6 Axes
 + Level 2.0 Armour
 - Level 1.7 Dodging
 + Level 0.4 Shields


You had 2 spell levels left.
You didn't know any spells.
Your spell library was empty.

Dungeon Overview and Level Annotations

Branches:
Dungeon (3/15)

Altars:
Sif Muna

Annotations:
D:3 Terence


Innate Abilities, Weirdness & Mutations

You have a pair of small horns on your head.
A meltable shield of frost defends you. (SH +0)


Message History

A hobgoblin is nearby!
You hit the hobgoblin but do no damage.
The hobgoblin is severely wounded.
The hobgoblin closely misses you.
You closely miss the hobgoblin.
The hobgoblin is severely wounded.
The hobgoblin hits you but does no damage.
You closely miss the hobgoblin.
The hobgoblin is severely wounded.
The hobgoblin barely misses you.
You hit the hobgoblin.
You kill the hobgoblin!
Trog accepts your kill.
You see here a hobgoblin corpse.
Terence the Incautious comes into view.
He is wielding a +0 vorpal flail and carrying a wand of flame (16).
Terence shouts!
Terence drinks a potion.
Terence suddenly seems more resistant.
Terence is nearby!
Terence is nearby!
Found 4 gold pieces.
Terence zaps a wand.
The puff of flame hits you.
Your condensation shield dissipates!
Found 8 gold pieces.
Terence hits you with a +0 vorpal flail.
You closely miss Terence.
Terence hits you with a +0 vorpal flail.
Terence zaps a wand.
The puff of flame hits you.
You hit Terence.
Terence is lightly wounded.
Terence zaps a wand.
The puff of flame hits you!
* * * LOW HITPOINT WARNING * * *
You hit Terence.
Terence is moderately wounded.
Terence zaps a wand.
The puff of flame hits you.
* * * LOW HITPOINT WARNING * * *
Terence attacks as you move away!
Terence hits you with a +0 vorpal flail.
* * * LOW HITPOINT WARNING * * *
x2 Terence shouts, "ATTACK!!!"
Terence zaps a wand.
The puff of flame hits you!
You die...

####### .......
$....$.
.......#############
........@.@....†..<#
.......#############
....... .......
....... .#+####


You could see Terence (resistant).

Vanquished Creatures
  An adder (D:2)
  2 worms (D:2)
  7 ball pythons
  6 endoplasms
  4 giant cockroaches
  3 goblins
  7 hobgoblins
  2 kobolds (D:1)
  5 bats
  3 frilled lizards
  5 rats
45 creatures vanquished.

Notes
Turn   | Place    | Note
-------+----------+-------------------------------------------
     0 | D:1      | ytrimaz the Demonspawn Berserker began the quest for the
                  | Orb.
     0 | D:1      | Reached XP level 1. HP: 18/18 MP: 1/1
    71 | D:1      | Found a faded altar of an unknown god.
   348 | D:1      | Gained mutation: A meltable shield of frost defends you.
                  | (SH +0) [demonic ancestry]
   348 | D:1      | Reached XP level 2. HP: 24/24 MP: 2/2
  1098 | D:1      | Found a shimmering blue altar of Sif Muna.
  1198 | D:2      | Gained mutation: You have a pair of small horns on your
                  | head. [demonic ancestry]
  1198 | D:2      | Reached XP level 3. HP: 21/29 MP: 3/3
  1330 | D:2      | Reached ** piety under Trog
  1975 | D:3      | Noticed Terence
  1986 | D:3      | Killed from afar by Terence

Illustrated notes

Levels and vault maps discovered:
D:1:      dpeg_arrival_water_altar, layout_loops_cross,
          shapermc_ecumenical_altar_ellora, minmay_tiny_reverse_x
D:2:      layout_basic
D:3:      layout_basic, serial_shops, nicolae_shop_stone, minmay_unequal,
          uniq_terence, uniq_robin

Skill      XL: |  1  2 |
---------------+-------+-----
Axes           | 3 |  3.6
Armour         | 2 |  2.0
Fighting       | |  3.7
Dodging        | |  1.7
Shields        | |  0.4

Action                   || total
-------------------------++-------
Melee: Hand axe          ||   124
       Headbutt          ||    11
       Punch             ||     2
Armor: Animal skin       ||    17
       Ring mail         ||    18
Dodge: Dodged            ||    81
Block: Other             ||    10

Table legend: (Time is in decaauts)
 A = Elapsed time spent in this place.
 B = Non-inter-level travel time spent in this place.
 C = Inter-level travel time spent in this place.
 D = Time resting spent in this place.
 E = Time spent auto-exploring this place.
 F = Levels seen in this place.
 G = Mean time per level.
                   A        B        C        D        E       F      G
               +--------+--------+--------+--------+--------+-----+--------+
         Total |   2006 |   1956 |     50 |      0 |   1594 |   3 |  668.7 |
       Dungeon |   2006 |   1956 |     50 |      0 |   1594 |   3 |  668.7 |
               +--------+--------+--------+--------+--------+-----+--------+

Top non-repeatable levels by time:
     D:1: 1154 daAuts
     D:2: 825 daAuts
     D:3: 27 daAuts
